 Dungeon Crawl Stone Soup version 0.28-a0-514-g0d7ab7f379 (webtiles) character file.

Game seed: 17632442693799216471

26278 Spaninq the Severer (level 13, -2/118 HPs)
             Began as a Hill Orc Abyssal Knight on Sept 22, 2021.
             Was the Champion of Lugonu.
             Slain by a nine-headed hydra (10 damage)
             ... on level 1 of the Lair of Beasts.
             The game lasted 00:44:03 (19825 turns).

Spaninq the Severer (Hill Orc Abyssal Knight)      Turns: 19825, Time: 00:44:04

Health: -2/118     AC: 23    Str: 24    XL:     13   Next: 25%
Magic:  22/22      EV:  7    Int: 16    God:    Lugonu [******]
Gold:   668        SH:  5    Dex: 11    Spells: 12/12 levels left

rFire   + . .      SeeInvis .   D - +5 executioner's axe (vamp)
rCold   . . .      Faith    .   (shield currently unavailable)
rNeg    . . .      Spirit   .   B - +0 plate armour
rPois   .          Reflect  +   n - +0 helmet
rElec   .          Harm     .   b - +1 cloak
rCorr   .          Rampage  .   F - +0 pair of gloves {archery}
Will    ++...                   H - +2 pair of boots
Stlth   ..........              a - amulet of reflection
HPRegen 0.29/turn               K - +4 ring of slaying
MPRegen 0.18/turn               J - ring "Duoqizeh" {rF+ Will++ Str+3 Int+6}

@: no status effects
A: no striking features
a: Renounce Religion, Depart the Abyss, Bend Space, Banish, Corrupt, Enter the
Abyss, Brand Weapon With Distortion


You were on level 1 of the Lair of Beasts.
You worshipped Lugonu.
Lugonu was exalted by your worship.
You visited 3 branches of the dungeon, and saw 16 of its levels.
You visited the Abyss 1 time.
You also visited: Sewer and Bailey.

You collected 1868 gold pieces.
You spent 1200 gold pieces at shops.

Inventory:

Hand Weapons
 m - the +2 hand axe "Soot" {vorpal, rPois rN++ Will+ rCorr}
   (You found it on level 4 of the Dungeon)

   It inflicts extra damage upon your enemies.
   rPois:     It protects you from poison.
   rN:        It greatly protects you from negative energy.
   rCorr:     It protects you from acid and corrosion.
   Will:      It increases your willpower.
 y - a +2 battleaxe
 D - a +5 vampiric executioner's axe (weapon)
 P - a +1 vorpal battleaxe
Missiles
 x - 70 boomerangs (quivered)
 O - 5 silver boomerangs
Armour
 b - a +1 cloak (worn)
 n - a +0 helmet (worn)
 B - a +0 plate armour (worn)
 C - a +0 buckler
 F - a +0 pair of gloves of archery (worn)
 H - a +2 pair of boots (worn)
Jewellery
 a - an amulet of reflection (around neck)
 d - a ring of see invisible
 o - a ring of ice
 J - the ring "Duoqizeh" (right hand) {rF+ Will++ Str+3 Int+6}
   (You found it in a bailey)

   [ring of intelligence]

   Str:       It affects your strength (+3).
   Int:       It affects your intelligence (+6).
   rF:        It protects you from fire.
   Will:      It greatly increases your willpower.
 K - a +4 ring of slaying (left hand)
 N - a +4 ring of protection
 T - a ring of protection from fire
Wands
 j - a wand of mindburst (14)
 r - a wand of flame (41)
 s - a wand of paralysis (21)
Scrolls
 f - a scroll of amnesia
 q - 5 scrolls of teleportation
 v - 3 scrolls of enchant armour
 w - 2 scrolls of fear
 E - 3 scrolls of blinking
 I - a scroll of summoning
 L - a scroll of brand weapon {unknown}
 M - a scroll of magic mapping
 R - a scroll of immolation {unknown}
Potions
 c - 3 potions of lignification
 e - a potion of flight
 g - a potion of invisibility
 h - 2 potions of might
 i - 6 potions of cancellation
 k - 4 potions of heal wounds
 l - 3 potions of resistance
 p - 3 potions of brilliance
 t - 2 potions of haste
 u - a potion of berserk rage
 z - 4 potions of curing
 A - 2 potions of magic
 G - 2 potions of mutation
 S - 2 potions of attraction {unknown}


   Skills:
 + Level 12.2 Fighting
 * Level 17.5 Axes
 + Level 4.8 Throwing
 + Level 10.9 Armour
 - Level 0.7 Dodging
 + Level 12.5 Invocations


You had 12 spell levels left.
You didn't know any spells.
Your spell library contained the following spells:

 Spells                   Type           Power      Damage    Failure   Level
 Magic Dart               Conj           0%         1d3       95%         1
 Pain                     Necr           0%         1d4       95%         1
 Searing Ray              Conj           0%         2d4       98%         2
 Tukima's Dance           Hex            0%         N/A       100%        3
 Fulminant Prism          Conj/Hex       0%         3d6       100%        4
 Passage of Golubria      Tloc           N/A        N/A       100%        4
 Agony                    Necr           0%         N/A       100%        5
 Excruciating Wounds      Necr           0%         N/A       100%        5
 Yara's Violent Unravell  Hex/Tmut       0%         3d3       100%        5


Dungeon Overview and Level Annotations

Branches:
Dungeon (13/15)            Temple (0/1) D:6            Lair (1/6) D:11
    Orc (2/2) D:12            Elf (0/3) Orc:2        Vaults (0/5) D:13
  Sewer (visited)          Bailey (visited)

Altars:
Cheibriados
Dithmenos
Gozag
Kikubaaqudgha
Beogh

Shops:
D:2 =*?   D:4 ?   D:7 !   Orc:2 [(=(

Annotations:
D:9 exclusion: orange crystal statue
D:13 Frances
Abyss:1 Snorg


Message History

The six-headed hydra grows two more!
You slice the eight-headed hydra!!
The eight-headed hydra is heavily wounded.
The eight-headed hydra bites you but does no damage.
You block the eight-headed hydra's attack.
The eight-headed hydra bites you. x2; The eight-headed hydra bites you!
The eight-headed hydra bites you.
You block the eight-headed hydra's attack.
The eight-headed hydra bites you but does no damage.
You chop one of the eight-headed hydra's heads off!
The seven-headed hydra grows two more!
You slice the nine-headed hydra!!
You feel better.
The nine-headed hydra is severely wounded.
The nine-headed hydra bites you.
The nine-headed hydra bites you but does no damage.
The nine-headed hydra bites you!
You block the nine-headed hydra's attack.
The nine-headed hydra bites you! The nine-headed hydra bites you. x2
The nine-headed hydra bites you!
The nine-headed hydra bites you but does no damage.
You barely miss the nine-headed hydra.
The nine-headed hydra is severely wounded.
You block the nine-headed hydra's attack.
The nine-headed hydra bites you!
* * * LOW HITPOINT WARNING * * *
The nine-headed hydra bites you but does no damage. x4
The nine-headed hydra bites you!
* * * LOW HITPOINT WARNING * * *
The nine-headed hydra bites you.
* * * LOW HITPOINT WARNING * * *
The nine-headed hydra bites you!
* * * LOW HITPOINT WARNING * * *
The nine-headed hydra bites you but does no damage.
The nine-headed hydra bites you.
* * * LOW HITPOINT WARNING * * *
The nine-headed hydra bites you.
* * * LOW HITPOINT WARNING * * *
The nine-headed hydra barely misses you.
The nine-headed hydra bites you but does no damage.
The nine-headed hydra bites you!
You die...

## ### #.######}#######
.#........#....#
...............#####
.......#...........##
..#######P####....#.# ..
### ###D.(## # #@#..##
#### #.....## #####..###
##.....## #.<.†....#
##.......#
............###...###.##
......#..#...#...## ...
.#####.###.....### ....
## #....>## #...
##.....# #..


You could see a nine-headed hydra.

Vanquished Creatures
  2 orc warlords
  Erolcha (D:10)
  3 two-headed ogres
  A tengu warrior (D:13)
  2 orc high priests (Orc:1)
  An iron troll (D:13)
  A shadow wraith (D:13)
  3 orc knights
  A deep elf pyromancer (D:13)
  An ugly thing (D:13)
  An orc sorcerer (Orc:2)
  A cane toad (Lair:1)
  A gargoyle (D:13)
  Maggie (D:7)
  An unseen horror (D:12)
  A freezing wraith (D:11)
  A tengu conjurer (D:13)
  4 trolls
  A wind drake (shapeshifter) (D:13)
  3 wraiths
  A tarantella (shapeshifter) (D:13)
  2 wyverns (D:8)
  15 yaks
  A basilisk (Lair:1)
  4 humans (D:6)
  3 vampire mosquitoes (D:9)
  2 wargs
  2 acid dragons
  Menkaure (D:7)
  7 water moccasins
  2 sky beasts
  2 ice beasts (D:6)
  5 ogres
  3 black bears (D:11)
  35 orc warriors
  5 centaurs
  2 necrophages (D:5)
  A phantom (D:6)
  2 kobold brigands
  3 bullfrogs (D:11)
  A gnoll sergeant (D:8)
  4 scorpions
  12 killer bees
  8 wights (D:8)
  A howler monkey (D:11)
  3 bullfrog zombies
  2 centaur zombies
  6 hounds
  18 orc priests
  A gnoll shaman (D:5)
  A jelly (D:5)
  Ijyb (D:5)
  3 iguanas
  13 orc wizards
  A howler monkey zombie (D:8)
  10 gnolls
  3 adders
  A howler monkey skeleton (D:7)
  A white imp (D:5)
  3 worms
  80 orcs
  8 ball pythons
  6 endoplasms
  8 giant cockroaches
  10 hobgoblins
  6 jackals
  35 kobolds
  6 quokkas
  8 bats
  5 frilled lizards
  6 goblins
  7 rats
407 creatures vanquished.

Vanquished Creatures (others)
  An electric eel (D:13)
  An orc wizard (D:7)
  11 fungi (D:11)
  15 plants (D:11)
  A withered plant (D:3)
29 creatures vanquished.

Grand Total: 436 creatures vanquished

Notes
Turn   | Place    | Note
-------+----------+-------------------------------------------
     0 | Abyss:1  | Spaninq the Hill Orc Abyssal Knight began the quest for the
                  | Orb.
     0 | Abyss:1  | Reached XP level 1. HP: 19/19 MP: 2/2
    50 | Abyss:1  | Noticed a flying skull
    55 | D:1      | Escaped the Abyss
    92 | D:1      | Reached skill level 3 in Axes
    99 | D:1      | Reached XP level 2. HP: 16/27 MP: 3/3
   227 | D:1      | Found a faded altar of an unknown god.
   381 | D:1      | Reached * piety under Lugonu
   663 | D:1      | Reached XP level 3. HP: 26/29 MP: 4/4
   809 | D:1      | Reached skill level 4 in Axes
  1013 | D:2      | Found Kaos Yhu's Magic Scroll Shoppe.
  1584 | D:2      | Reached XP level 4. HP: 40/40 MP: 5/5
  1655 | D:2      | Found Udun's Jewellery Shoppe.
  1750 | D:2      | Found Wemaumugg's Assorted Antiques.
  2017 | D:3      | Found an ancient bone altar of Kikubaaqudgha.
  2125 | D:3      | Reached ** piety under Lugonu
  2785 | D:4      | Reached skill level 5 in Axes
  2796 | D:4      | Noticed a sky beast
  2814 | D:4      | Killed a sky beast
  2815 | D:4      | Reached XP level 5. HP: 37/47 MP: 5/7
  2921 | D:4      | Noticed an ogre
  2953 | D:3      | Reached XP level 6. HP: 50/55 MP: 8/8
  3022 | D:4      | Identified the +2 hand axe "Soot" {vorpal, rPois rN++ Will+
                  | rCorr}
  3104 | D:4      | Reached skill level 5 in Fighting
  3104 | D:4      | Reached skill level 6 in Axes
  3113 | D:4      | Found Feig's Magic Scroll Emporium.
  3438 | D:5      | Entered Level 5 of the Dungeon
  3495 | D:5      | Reached XP level 7. HP: 46/61 MP: 8/10
  3556 | D:5      | Reached skill level 7 in Axes
  3648 | D:5      | Found a glowing drain.
  3668 | Sewer    | Entered a sewer
  4073 | D:5      | Noticed Ijyb
  4099 | D:5      | Killed Ijyb
  4255 | D:5      | Reached skill level 5 in Invocations
  4255 | D:5      | Reached XP level 8. HP: 67/70 MP: 11/11
  4319 | D:5      | Reached skill level 8 in Axes
  4382 | D:5      | Reached skill level 5 in Armour
  4809 | D:6      | Reached *** piety under Lugonu
  5043 | D:2      | Bought a warped chain mail for 266 gold pieces
  5043 | D:2      | Identified the +5 chain mail of Honesty {rF+ Dex+4 Slay-2
                  | SInv} (You bought it in a shop on level 2 of the Dungeon)
  5157 | D:6      | Found a staircase to the Ecumenical Temple.
  5170 | D:6      | Reached skill level 9 in Axes
  5592 | D:6      | Reached XP level 9. HP: 30/79 MP: 13/13
  5910 | D:5      | Reached skill level 10 in Axes
  6810 | D:7      | Found Gerujukh's Distillery.
  6980 | D:7      | Noticed Menkaure
  6986 | D:7      | Noticed Maggie
  6993 | D:7      | Killed Menkaure
  7364 | D:7      | Killed Maggie
  7365 | D:7      | Reached skill level 11 in Axes
  8939 | D:8      | Reached XP level 10. HP: 68/90 MP: 14/16
  8956 | D:8      | Reached **** piety under Lugonu
  8973 | D:8      | Reached skill level 12 in Axes
  9952 | D:8      | Identified a scroll of acquirement
  9952 | D:8      | Acquired a +3 vampiric executioner's axe
 10120 | D:8      | Found a snail-covered altar of Cheibriados.
 10317 | D:9      | Noticed a two-headed ogre
 10323 | D:9      | Killed a two-headed ogre
 10435 | D:9      | Reached skill level 13 in Axes
 10520 | D:9      | Noticed an orange crystal statue
 11772 | D:10     | Entered Level 10 of the Dungeon
 11776 | D:10     | Noticed Erolcha
 11777 | D:10     | Noticed Snorg
 11898 | D:9      | Reached XP level 11. HP: 78/97 MP: 18/18
 12157 | D:10     | Reached skill level 14 in Axes
 12167 | D:10     | Banished Snorg
 12168 | D:10     | Reached skill level 10 in Fighting
 12168 | D:10     | Reached skill level 10 in Invocations
 12486 | D:10     | Killed Erolcha
 12750 | D:10     | Noticed a two-headed ogre
 12759 | D:10     | Killed a two-headed ogre
 13046 | D:10     | Found a shadowy altar of Dithmenos.
 13064 | D:10     | Found an opulent altar of Gozag.
 13211 | D:11     | Found a flagged portal.
 13232 | Bailey   | Entered a bailey
 13237 | Bailey   | Noticed an orc warlord
 13359 | Bailey   | Found a runed translucent gate.
 13360 | Bailey   | Found a runed translucent gate.
 13361 | Bailey   | Found a runed translucent gate.
 13367 | Bailey   | Noticed an orc knight
 13386 | Bailey   | Killed an orc knight
 13698 | Bailey   | Killed an orc warlord
 13699 | Bailey   | Reached skill level 15 in Axes
 13699 | Bailey   | Reached skill level 1 in Throwing
 13722 | Bailey   | Identified the ring "Duoqizeh" {rF+ Will++ Str+3 Int+6}
 13855 | D:11     | Acquired a +4 ring of slaying
 13859 | D:11     | Acquired 710 gold pieces
 13888 | D:11     | Found a staircase to the Lair.
 13898 | D:11     | Reached ***** piety under Lugonu
 15160 | D:4      | Bought a scroll of enchant weapon for 105 gold pieces
 15160 | D:4      | Bought a scroll of teleportation for 42 gold pieces
 15160 | D:4      | Bought a scroll of enchant weapon for 105 gold pieces
 15160 | D:4      | Bought a scroll of blinking for 105 gold pieces
 15312 | D:12     | Reached XP level 12. HP: 108/108 MP: 20/20
 15335 | D:12     | Noticed a two-headed ogre
 15342 | D:12     | Killed a two-headed ogre
 15619 | D:12     | Found a staircase to the Orcish Mines.
 16187 | Orc:1    | Entered Level 1 of the Orcish Mines
 16368 | Orc:1    | Reached skill level 16 in Axes
 16588 | Orc:2    | Entered Level 2 of the Orcish Mines
 16588 | Orc:2    | Found a staircase to the Elven Halls.
 16693 | Orc:2    | Found a roughly hewn altar of Beogh.
 16711 | Orc:2    | Reached skill level 10 in Armour
 16711 | Orc:2    | Found Bimokk's Jewellery Shop.
 16867 | Orc:2    | Found a roughly hewn altar of Beogh.
 17361 | Orc:2    | Found a roughly hewn altar of Beogh.
 17362 | Orc:2    | Found Tuiskyel's Antique Weapon Emporium.
 17378 | Orc:2    | Bought an ichor-stained hand axe for 264 gold pieces
 17378 | Orc:2    | Identified the +10 hand axe of the Immovable Hosts {pain,
                  | rF+} (You bought it in a shop on level 2 of the Orcish
                  | Mines)
 17381 | Orc:2    | Bought a glowing battleaxe for 313 gold pieces
 17488 | Orc:2    | Found a roughly hewn altar of Beogh.
 18422 | Orc:2    | Reached ****** piety under Lugonu
 18447 | Orc:2    | Noticed an orc warlord
 18477 | Orc:2    | Killed an orc warlord
 18478 | Orc:2    | Reached skill level 17 in Axes
 18478 | Orc:2    | Reached XP level 13. HP: 98/117 MP: 22/22
 18492 | Orc:2    | Found a roughly hewn altar of Beogh.
 18492 | Orc:2    | Found Zite's Antique Weapon Shop.
 18494 | Orc:2    | Found Mesarof's Antique Armour Boutique.
 19060 | D:13     | Found a gate to the Vaults.
 19374 | D:13     | Noticed Frances
 19760 | Lair:1   | Entered Level 1 of the Lair of Beasts
 19825 | Lair:1   | Slain by a nine-headed hydra

Illustrated notes

Levels and vault maps discovered:
D:1:      ncdulo_wetmaze, layout_rooms, ebering_ecumenical_altar_webs,
          serial_forest, infiniplex_forest_corner_2, infiniplex_forest_corner_1,
          infiniplex_forest_lined_4_way, infiniplex_forest_straight_4
D:2:      layout_loops_cross, serial_shops, nicolae_shop_trees, shop, shop
D:3:      layout_loops_ring, kiku_gazebo_garden_becter,
          hangedman_decor_peaks_small
D:4:      layout_gridville, serial_shops, nicolae_shop_crystal
D:5:      layout_loops_corners, serial_glass, glass_columns_a, glass_columns_b,
          item_on_display_b, portal_sewer_entry_f, uniq_ijyb
D:6:      layout_layer_cave, minmay_temple_entry_proselytizer,
          grunt_ministairs_8, minmay_ruffians
D:7:      layout_loops_ring, serial_shops, nicolae_stop_n_shop_2, uniq_maggie,
          uniq_menkaure
D:8:      layout_rooms, slow_altar_2
D:9:      layout_stronghold, minmay_statue_bubble
D:10:     layout_rooms, mainiacjoe_overflow_swirl, uniq_snorg, uniq_erolcha
D:11:     layout_basic, due_lair_maze_entry_diamond, enter_bailey_4
D:12:     layout_loops_ring, orc_0_dummy
D:13:     layout_basic, david_vaults_4, drop_trap, nrook_campfire,
          kennysheep_cluttered_room, uniq_frances
Lair:1:   layout_concentric_octagons, chequers_serial_rivers_small_b,
          grunt_megastairs_1
Orc:1:    layout_diamond_mine
Orc:2:    grunt_orc_community_town_hall, layout_caves,
          grunt_orc_community_big_house_2, grunt_orc_community_big_house_1,
          grunt_orc_community_house_2, grunt_orc_community_house_3,
          grunt_orc_community_house_2, grunt_orc_community_house_2

Skill      XL: |  1  2  3  4  5  6  7  8  9 10 11 12 13 |
---------------+----------------------------------------+-----
Axes           | 3 4 5 6 7 9 11 13 15 17 | 17.5
Fighting       | 4 5 6 7 8 9 10 11 12 | 12.2
Armour         | 3 4 5 7 8 9 10 | 10.9
Invocations    | 3 4 5 6 8 9 11 12 | 12.5
Throwing       | 2 4 |  4.8
Dodging        | |  0.7

Action                   |  1- 3 |  4- 6 |  7- 9 | 10-12 | 13-15 || total
-------------------------+-------+-------+-------+-------+-------++-------
Melee: Hand axe          |   121 |   173 |   553 |   139 |       ||   986
       Executioner's axe |       |       |       |   481 |    46 ||   527
Throw: Boomerang         |       |       |       |    21 |     6 ||    27
Invok: Depart the Abyss  |     1 |       |       |       |       ||     1
       Bend Space        |       |       |     1 |       |       ||     1
       Banish            |       |       |       |     3 |       ||     3
  Use: Scroll            |       |     9 |    10 |    10 |     1 ||    30
       Potion            |       |       |       |     5 |       ||     5
Armor: Leather armour    |    20 |       |       |       |       ||    20
       Chain mail        |    27 |    94 |   237 |       |       ||   358
       Plate armour      |       |       |    67 |   557 |    51 ||   675
Dodge: Dodged            |    63 |    70 |   140 |   223 |    10 ||   506
Block: Other             |       |       |       |       |     8 ||     8

Table legend: (Time is in decaauts)
 A = Elapsed time spent in this place.
 B = Non-inter-level travel time spent in this place.
 C = Inter-level travel time spent in this place.
 D = Time resting spent in this place.
 E = Time spent auto-exploring this place.
 F = Levels seen in this place.
 G = Mean time per level.
                   A        B        C        D        E       F      G
               +--------+--------+--------+--------+--------+-----+--------+
         Total |  19833 |  18603 |   1230 |   3439 |  11143 |  19 | 1043.8 |
       Dungeon |  16487 |  15309 |   1178 |   2385 |   9951 |  13 | 1268.2 |
          Lair |     65 |     65 |      0 |      0 |     26 |   1 |   65.0 |
  Orcish Mines |   2529 |   2478 |     51 |    864 |    974 |   2 | 1264.5 |
         Abyss |     55 |     55 |      0 |      0 |     48 |   1 |   55.0 |
         Sewer |    197 |    197 |      0 |      0 |    144 |   1 |  197.0 |
        Bailey |    499 |    499 |      0 |    190 |      0 |   1 |  499.0 |
               +--------+--------+--------+--------+--------+-----+--------+

Top non-repeatable levels by time:
     D:9: 2111 daAuts
     D:6: 2105 daAuts
     D:8: 1828 daAuts
     D:5: 1644 daAuts
    D:11: 1350 daAuts
   Orc:2: 1330 daAuts
    D:12: 1322 daAuts
   Orc:1: 1198 daAuts
     D:2: 1040 daAuts
     D:7: 1011 daAuts
     D:1: 953 daAuts
     D:3: 902 daAuts
    D:10: 779 daAuts
     D:4: 721 daAuts
    D:13: 715 daAuts
